 Dungeon Crawl Stone Soup version 0.27-a0-1202-ge72e49191c (console) character file.

Game seed: 15566286582458445160

97 jejorda2 the Slasher (level 4, -1/55 HPs)
             Began as a Merfolk Berserker on June 3, 2021.
             Was a Believer of Trog.
             Killed from afar by an orc wizard (13 damage)
             ... with a puff of flame
             ... on level 3 of the Dungeon.
             The game lasted 00:02:53 (1875 turns).

jejorda2 the Slasher (Merfolk Berserker)            Turns: 1875, Time: 00:02:53

Health: -1/55      AC:  6    Str: 18    XL:     4   Next: 68%
Magic:  4/4        EV: 10    Int:  6    God:    Trog [**....]
Gold:   63         SH:  0    Dex: 13    Spells: 3/3 levels left

rFire    . . .     SeeInvis .   f - +0 great sword
rCold    + . .     Faith    .   (shield currently unavailable)
rNeg     . . .     Spirit   .   d - +0 scale mail
rPois    +         Reflect  .   (no helmet)
rElec    .         Harm     .   (no cloak)
rCorr    .         Rampage  .   (no gloves)
Will     .....                  (no boots)
Stlth    ..........             (no amulet)
HPRegen  0.18/turn              l - ring of protection from cold
MPRegen  0.09/turn              n - ring of poison resistance

@: berserking (expiring), very quick
A: (nimble swimmer 2), mertail
a: Renounce Religion, Berserk, Trog's Hand


You were on level 3 of the Dungeon.
You worshipped Trog.
Trog was pleased with you.
You visited 1 branch of the dungeon, and saw 3 of its levels.

You collected 63 gold pieces.

Inventory:

Hand Weapons
 a - a +0 falchion
 f - a +0 great sword (weapon)
 m - a +0 flail
Missiles
 k - 2 poisoned darts
Armour
 d - a +0 scale mail (worn)
Jewellery
 l - a ring of protection from cold (left hand)
 n - a ring of poison resistance (right hand)
Scrolls
 b - a scroll of blinking {unknown}
 c - 2 scrolls of identify {unknown}
 g - a scroll of teleportation {unknown}
 h - a scroll of amnesia {unknown}
 i - a scroll of enchant weapon {unknown}
 j - a scroll of holy word {unknown}
Potions
 e - 2 potions of heal wounds {unknown}


   Skills:
 + Level 4.0 Fighting
 * Level 4.7 Long Blades
 + Level 2.0 Armour
 - Level 2.6 Dodging


You had 3 spell levels left.
You didn't know any spells.
Your spell library was empty.

Dungeon Overview and Level Annotations

Branches:
Dungeon (3/15)

Altars:

Shops:
D:3 =


Innate Abilities, Weirdness & Mutations

((You are quick and stealthy near water. (Stealth+, EV+, Speed+++)))
Your lower body shifts to a powerful aquatic tail in water.


Message History

Trog accepts your kill. The orc hits you but does no damage.
The orc priest calls down the wrath of Beogh upon you.
Beogh smites you!
A red film seems to cover your vision as you go berserk!
You feel yourself moving faster!
You feel mighty! The orc closely misses you.
You slash the orc!
You kill the orc!
Trog accepts your kill.
You hit the orc priest.
The orc priest is moderately wounded.
The orc priest invokes the aid of Beogh against you.
Beogh smites you!
You closely miss the orc priest.
The orc priest is moderately wounded.
The orc priest hits you but does no damage.
The orc wizard hits you but does no damage.
You slash the orc priest!
You kill the orc priest!
Trog accepts your kill.
The orc wizard hits you with a +0 dagger.
Your Fighting skill increases to level 4!
Your Armour skill increases to level 2!
You miss the orc wizard.
The orc wizard points at itself and mumbles some strange words.
The orc wizard flickers and vanishes!
Deactivating autopickup; reactivate with Ctrl-A.
You barely miss something.
You hear some strange, mumbled words.
A puff of flame appears from out of thin air!
The puff of flame hits you.
* * * LOW HITPOINT WARNING * * *
You hit something. Something hits you but does no damage.
You miss something. Something hits you.
* * * LOW HITPOINT WARNING * * *
You miss something.
You hear some strange, mumbled words.
A puff of flame appears from out of thin air!
The puff of flame hits you!
You die...

.# ## . #. #.
###.#. ..
#..... ...
#.##.# #....
#.##)#......
#.##@)...# ###
##....{..##
...###..####.##
#...#.?# .#
##....####.##
#............
###.##..#.##..#
.#...##..#...
.. ......<..#
#...


There were no monsters in sight!

Vanquished Creatures
  An orc priest (D:3)
  2 adders
  2 dart slugs
  2 orcs (D:3)
  4 endoplasms
  3 goblins
  2 hobgoblins (D:1)
  8 jackals
  A quokka (D:1)
  3 ball pythons
  4 bats
  4 frilled lizards
  3 kobolds
  4 rats
43 creatures vanquished.

Vanquished Creatures (others)
  A plant (D:1)
  A withered plant (D:1)
2 creatures vanquished.

Grand Total: 45 creatures vanquished

Notes
Turn   | Place    | Note
-------+----------+-------------------------------------------
     0 | D:1      | jejorda2 the Merfolk Berserker began the quest for the Orb.
     0 | D:1      | Reached XP level 1. HP: 18/18 MP: 1/1
   209 | D:1      | Reached XP level 2. HP: 18/24 MP: 2/2
   391 | D:1      | Found a faded altar of an unknown god.
   762 | D:1      | Reached XP level 3. HP: 20/29 MP: 3/3
  1691 | D:2      | Reached ** piety under Trog
  1816 | D:3      | Found Xalunor's Jewellery Shop.
  1840 | D:3      | Reached XP level 4. HP: 30/37 MP: 4/4
  1875 | D:3      | Killed from afar by an orc wizard

Illustrated notes

Levels and vault maps discovered:
D:1:      amcnicky_arrival_choice, layout_loops_ring,
          shapermc_ecumenical_altar_flowoftime, st_stairs_1
D:2:      layout_loops_ring
D:3:      layout_rooms, serial_shops, shop, palyth_stone_intersect

Skill      XL: |  1  2  3  4 |
---------------+-------------+-----
Long Blades    | 4 |  4.7
Fighting       | 4 |  4.0
Armour         | 2 |  2.0
Dodging        | |  2.6

Action                   |  1- 3 |  4- 6 || total
-------------------------+-------+-------++-------
Melee: Falchion          |    67 |       ||    67
       Great sword       |    37 |    11 ||    48
Invok: Berserk           |       |     1 ||     1
Armor: Animal skin       |     7 |       ||     7
       Scale mail        |    30 |     4 ||    34
Dodge: Dodged            |    72 |     1 ||    73
       Rpst.: Falchion   |    15 |       ||    15
       Great sword       |     8 |       ||     8

Table legend: (Time is in decaauts)
 A = Elapsed time spent in this place.
 B = Non-inter-level travel time spent in this place.
 C = Inter-level travel time spent in this place.
 D = Time resting spent in this place.
 E = Time spent auto-exploring this place.
 F = Levels seen in this place.
 G = Mean time per level.
                   A        B        C        D        E       F      G
               +--------+--------+--------+--------+--------+-----+--------+
         Total |   1900 |   1859 |     41 |      0 |   1562 |   3 |  633.3 |
       Dungeon |   1900 |   1859 |     41 |      0 |   1562 |   3 |  633.3 |
               +--------+--------+--------+--------+--------+-----+--------+

Top non-repeatable levels by time:
     D:1: 1114 daAuts
     D:2: 724 daAuts
     D:3: 61 daAuts
